 Dungeon Crawl Stone Soup version 0.24.0-2-g5b39cebb1c (webtiles) character file.

Game seed: 12496040132387876926, levelgen mode: deterministic

6106 kkkmkkk the Ogre Mage (level 10, 0/104 (106) HPs)
             Began as an Ogre Wizard on Oct 30, 2019.
             Was a Priest of Vehumet.
             Slain by a seven-headed hydra (13 damage)
             ... on level 9 of the Dungeon.
             The game lasted 00:26:47 (12218 turns).

kkkmkkk the Ogre Mage (Ogre Wizard)                Turns: 12218, Time: 00:26:48

HP:   0/104 (106)   AC:  5    Str: 13    XL:     10   Next: 89%
MP:   13/25         EV: 12    Int: 21    God:    Vehumet [***...]
Gold: 547           SH:  0    Dex:  8    Spells: 17/32 levels left

rFire    + . .     SeeInvis .   N - +0 eveningstar
rCold    + . .     Gourm    .   (no shield)
rNeg     . . .     Faith    .   k - +2 robe {MR+}
rPois    .         Spirit   .   b - +0 hat
rElec    .         Reflect  .   A - scarf {rC+ rF+}
rCorr    .         Harm     .   (gloves unavailable)
MR       ++...                  (boots unavailable)
Stlth    ++........             p - amulet of magic regeneration
HPRegen  0.27/turn              r - ring of stealth
MPRegen  0.44/turn              (no ring)

@: very slightly contaminated
A: large, unfitting armour, tough skin 1
a: Renounce Religion


You were on level 9 of the Dungeon.
You worshipped Vehumet.
Vehumet was most pleased with you.
You were not hungry.

You visited 1 branch of the dungeon, and saw 9 of its levels.
You also visited: Sewer.

You collected 547 gold pieces.

Inventory:

Hand Weapons
 L - a +1 quarterstaff of protection
 N - a +0 eveningstar (weapon)
 Q - a +4 short sword
Missiles
 m - 6 curare-tipped darts (quivered)
 o - 27 poisoned darts
 z - 5 javelins
 G - 84 arrows
 H - 112 stones
Armour
 b - a +0 hat (worn)
 k - a +2 robe of magic resistance (worn)
 A - a scarf of resistance (worn)
 P - a +1 robe of cold resistance
Jewellery
 p - an amulet of magic regeneration (around neck)
 r - a ring of stealth (left hand)
Wands
 w - a wand of random effects (25)
 y - a wand of flame (9)
 I - a wand of polymorph (4)
Scrolls
 f - 2 scrolls of enchant weapon
 t - 4 scrolls of remove curse
 B - 3 scrolls of identify
 F - a scroll of amnesia {unknown}
 J - a scroll of teleportation {unknown}
 K - a scroll of fear {unknown}
Potions
 a - a potion of lignification
 e - a potion of invisibility {unknown}
 h - 3 potions of haste
 i - 4 potions of curing
 q - 3 potions of brilliance
 s - a potion of heal wounds
 u - 2 potions of ambrosia {unknown}
 v - a potion of cancellation {unknown}
 x - a potion of agility {unknown}
 E - a potion of might {unknown}
Comestibles
 c - 9 chunks of flesh
 d - 11 rations


   Skills:
 + Level 8.5 Fighting
 + Level 2.6 Maces & Flails
 + Level 6.7 Dodging
 - Level 1.4 Stealth
 * Level 11.5 Spellcasting
 + Level 6.5 Conjurations
 - Level 0.8 Summonings
 - Level 0.8 Translocations


You had 17 spell levels left.
You knew the following spells:

 Your Spells              Type           Power        Failure   Level  Hunger
a - Magic Dart            Conj           ####         1%          1    None
b - Blink                 Tloc           N/A          6%          2    None
c - Call Imp              Summ           ###.....     6%          2    None
d - Conjure Flame         Conj/Fire      ####....     1%          3    None
e - Mephitic Cloud        Conj/Pois/Air  ###.....     1%          3    None
f - Stone Arrow           Conj/Erth      ####..       1%          3    None
g - Apportation           Tloc           ###...       4%          1    None

Your spell library contained the following spells:

 Spells                   Type           Power        Failure   Level  Hunger
 Dazzling Spray           Conj/Hex       ####..       1%          3    None
 Summon Small Mammal      Summ           ###.         4%          1    None
 Animate Skeleton         Necr           N/A          5%          1    None
 Confusing Touch          Hex            ##....       5%          1    None
 Corona                   Hex            ##.....      5%          1    None
 Ensorcelled Hibernation  Hex/Ice        ##....       9%          2    None
 Slow                     Hex            ##......     9%          2    None
 Confuse                  Hex            ##......     17%         3    None
 Tukima's Dance           Hex            ##......     17%         3    None


Dungeon Overview and Level Annotations

Branches:
Dungeon (9/15)             Temple (0/1) D:6           Sewer (visited)
   Lair: D:8-11         Orc: D:9-12

Altars:
Cheibriados
Dithmenos
Ru
Uskayaw
Vehumet

Shops:
D:7 %


Innate Abilities, Weirdness & Mutations

You are too large for most types of armour.
You have tough skin. (AC +1)


Message History

Casting: Conjure Flame (safe; 1% risk of failure)
Confirm with . or Enter, or press ? or * to list all spells.
Aiming: Conjure Flame (safe; 1% risk of failure)
Press: ? - help, Dir - move target cursor The fire ignites!
The seven-headed hydra is engulfed in blazing flames.
Casting: Conjure Flame (safe; 1% risk of failure)
Confirm with . or Enter, or press ? or * to list all spells.
You miscast Blink.
You are very lightly contaminated with residual magic.
The world appears momentarily distorted!
The seven-headed hydra is engulfed in blazing flames.
The seven-headed hydra bites you! x3; The seven-headed hydra bites you!!
* * * LOW HITPOINT WARNING * * *
The seven-headed hydra bites you.
* * * LOW HITPOINT WARNING * * *
The seven-headed hydra bites you!
* * * LOW HITPOINT WARNING * * *
The seven-headed hydra bites you!
You die...

......###....#
.####. #..8.#
... +....# #.
#..8.# .#..
##....#
.....#..8.##
#.....##
#######.##
#.@D§...#
#####.#######
#....÷.....#
#.###)#.##.#
#.#......#.#
#.#.#....#.#
#.#....<.#.#
#...#.#..#.#
###.#.#..#.#


You could see a seven-headed hydra.

Vanquished Creatures
  Gastronok (D:8)
  Pikel (D:8)
  Joseph (D:8)
  Maurice (D:8)
  Grinder (Sewer)
  2 hippogriffs
  3 ice beasts
  3 slaves (D:8)
  An orc warrior (D:8)
  2 phantoms
  2 necrophages
  An ogre (D:8)
  A centaur (D:6)
  A crocodile (D:8)
  A big kobold (Sewer)
  Blork the orc (D:5)
  3 bullfrogs
  A scorpion (D:4)
  4 wights
  2 howler monkeys
  A crimson imp (D:5)
  A jelly (D:8)
  2 bullfrog skeletons
  An orc priest (D:6)
  A centaur skeleton (D:5)
  2 orc wizards
  2 worker ants
  2 big kobold zombies (Sewer)
  6 adders
  5 shadow imps
  2 ufetubi (Sewer)
  3 oozes
  2 adder zombies
  A worm (D:3)
  3 dart slugs
  4 leopard geckos
  18 orcs
  6 bats
  3 giant cockroaches
  6 goblins
  7 hobgoblins
  4 jackals (D:2)
  3 quokkas
  3 ball pythons
  4 frilled lizards
  A giant cockroach zombie (Sewer)
  22 kobolds
  A leopard gecko skeleton (D:9)
  12 rats
161 creatures vanquished.

Vanquished Creatures (collateral kills)
  Sigmund (D:6)
  Eustachio (D:5)
  2 ice beasts
  A porcupine (D:5)
  A sky beast (D:4)
  A necrophage (Sewer)
  An ogre (D:7)
  A centaur (D:7)
  A bullfrog (D:7)
  3 scorpions
  A wight (D:6)
  A jelly (D:6)
  2 hounds
  An orc priest (D:5)
  Crazy Yiuf (D:2)
  An iguana (D:5)
  4 orc wizards
  4 worker ants
  A big kobold zombie (Sewer)
  Robin (D:2)
  3 gnolls (D:2)
  3 adders
  A shadow imp (Sewer)
  A dart slug (D:2)
  3 worms
  8 orcs
  3 giant cockroaches
  2 hobgoblins (D:2)
  2 kobolds
  2 quokkas
  A ball python (Sewer)
  A frilled lizard (D:2)
  5 goblins
65 creatures vanquished.

Vanquished Creatures (others)
  A big kobold zombie (Sewer)
1 creature vanquished.

Grand Total: 227 creatures vanquished

Notes
Turn   | Place    | Note
-------+----------+-------------------------------------------
     0 | D:1      | kkkmkkk the Ogre Wizard began the quest for the Orb.
     0 | D:1      | Reached XP level 1. HP: 16/16 MP: 5/5
   272 | D:1      | Reached skill level 1 in Conjurations
   427 | D:1      | Reached XP level 2. HP: 24/24 MP: 1/6
   477 | D:1      | Learned a level 2 spell: Blink
   480 | D:1      | Learned a level 2 spell: Call Imp
   563 | D:1      | Reached skill level 4 in Spellcasting
  1290 | D:1      | Reached XP level 3. HP: 29/31 MP: 1/8
  2346 | D:2      | Learned a level 3 spell: Conjure Flame
  2488 | D:2      | Found a runed translucent door.
  2489 | D:2      | Noticed Crazy Yiuf
  2602 | D:2      | Reached XP level 4. HP: 39/39 MP: 3/10
  2835 | D:2      | Noticed Robin
  2875 | D:2      | Killed Robin
  3705 | D:2      | Killed Crazy Yiuf
  3705 | D:2      | Reached skill level 5 in Spellcasting
  3964 | D:3      | Reached XP level 5. HP: 34/45 MP: 2/12
  4518 | D:3      | Found a hide-covered altar of Uskayaw.
  4551 | D:3      | Found a radiant altar of Vehumet.
  4551 | D:3      | Found a snail-covered altar of Cheibriados.
  4586 | D:3      | Became a worshipper of Vehumet
  5143 | D:4      | Learned a level 3 spell: Mephitic Cloud
  5272 | D:4      | Reached XP level 6. HP: 50/54 MP: 7/14
  5311 | D:4      | Reached skill level 1 in Fighting
  5891 | D:5      | Entered Level 5 of the Dungeon
  5891 | D:5      | Noticed a phantom
  5917 | D:5      | Killed a phantom
  5917 | D:5      | Reached skill level 6 in Spellcasting
  5940 | D:5      | Reached * piety under Vehumet
  5940 | D:5      | Offered knowledge of Sandblast by Vehumet.
  6146 | D:5      | Noticed a sky beast
  6167 | D:4      | Reached XP level 7. HP: 27/66 MP: 11/16
  7039 | D:5      | Noticed Blork the orc
  7111 | D:4      | Reached skill level 7 in Spellcasting
  7208 | D:5      | Killed Blork the orc
  7364 | D:5      | Reached XP level 8. HP: 70/78 MP: 5/19
  7548 | D:5      | Noticed Eustachio
  7563 | D:5      | Killed Eustachio
  7759 | D:6      | Found a sacrificial altar of Ru.
  7839 | D:6      | Reached skill level 8 in Spellcasting
  7854 | D:6      | Noticed Sigmund
  7889 | D:6      | Killed Sigmund
  7889 | D:6      | Reached ** piety under Vehumet
  7921 | D:6      | Reached skill level 5 in Fighting
  7971 | D:6      | Offered knowledge of Flame Tongue by Vehumet.
  8145 | D:6      | Found a glowing drain.
  8154 | Sewer    | Entered a sewer
  8420 | Sewer    | Offered knowledge of Ignite Poison by Vehumet.
  8441 | Sewer    | Reached XP level 9. HP: 88/88 MP: 9/21
  8497 | Sewer    | Found an ancient bone altar of Kikubaaqudgha.
  8508 | Sewer    | Noticed Grinder
  8522 | Sewer    | Paralysed by Grinder for 4 turns
  8526 | Sewer    | Killed Grinder
  8526 | Sewer    | Reached skill level 5 in Dodging
  8526 | Sewer    | Reached skill level 9 in Spellcasting
  8604 | Sewer    | Reached *** piety under Vehumet
  9103 | D:6      | Reached skill level 5 in Conjurations
  9291 | D:6      | Found a staircase to the Ecumenical Temple.
  9887 | D:7      | Offered knowledge of Stone Arrow by Vehumet.
  9893 | D:7      | Learned a level 3 spell: Stone Arrow
 10075 | D:7      | Found Afoolob's Food Boutique.
 10434 | D:8      | Reached skill level 10 in Spellcasting
 10441 | D:8      | Noticed Joseph
 10493 | D:8      | HP: 1/86 [Joseph/+1 quarterstaff of protection (18)]
 10557 | D:8      | Killed Joseph
 10985 | D:8      | Reached XP level 10. HP: 102/102 MP: 10/24
 11106 | D:8      | Learned a level 1 spell: Apportation
 11137 | D:8      | Noticed Pikel
 11268 | D:8      | Noticed Gastronok
 11424 | D:8      | Noticed Maurice
 11456 | D:8      | Killed Pikel
 11471 | D:8      | Killed Maurice
 11471 | D:8      | Reached skill level 1 in Maces & Flails
 11531 | D:8      | Killed Gastronok
 11531 | D:8      | Reached skill level 11 in Spellcasting
 11676 | D:8      | Found a shadowy altar of Dithmenos.
 12198 | D:9      | Noticed a seven-headed hydra
 12218 | D:9      | Slain by a seven-headed hydra

Levels and vault maps discovered:
D:1:      sevenhm_arrival_forest_fort_large_2, layout_loops_ring,
          serial_bayou_lake_a
D:2:      layout_loops_ring, uniq_crazy_yiuf_cottage, uniq_robin
D:3:      layout_basic, eat_drink_and_be_merry_uskayaw,
          grunt_temple_overflow_open, first_ration
D:4:      layout_basic
D:5:      layout_rooms, uniq_eustachio, uniq_blork_the_orc
D:6:      layout_basic, lemuel_temple_firewalk_b, portal_sewer_entry_d,
          nicolae_ru_awakened_eye, uniq_sigmund
D:7:      layout_layer_cave, serial_shops, shop
D:8:      layout_loops_ring, basic_altar, uniq_maurice, uniq_gastronok,
          uniq_pikel, uniq_joseph
D:9:      layout_basic, zin_statuary, grunt_pizzeria, bh_walls_and_bars

Skill      XL: |  1  2  3  4  5  6  7  8  9 10 |
---------------+-------------------------------+-----
Conjurations   | 1 2 3 4 5 6 |  6.5
Dodging        | 2 3 4 5 6 |  6.7
Spellcasting   | 4 5 6 7 8 10 11 | 11.5
Fighting       | 2 3 5 7 8 |  8.5
Maces & Flails | 2 |  2.6
Stealth        | |  1.4
Summonings     | |  0.8
Translocations | |  0.8

Action                   |  1- 3 |  4- 6 |  7- 9 | 10-12 || total
-------------------------+-------+-------+-------+-------++-------
Melee: Short sword       |    21 |     1 |    20 |    12 ||    54
       Club              |       |    22 |       |       ||    22
       Quarterstaff      |       |    38 |    69 |       ||   107
       Eveningstar       |       |       |       |    19 ||    19
 Cast: Magic Dart        |   106 |   104 |   283 |    79 ||   572
       Call Imp          |     6 |    44 |   107 |    21 ||   178
       Blink             |       |       |     7 |     8 ||    15
       Mephitic Cloud    |       |       |    24 |    14 ||    38
       Conjure Flame     |       |       |    10 |    12 ||    22
Evoke: Wand              |       |       |     1 |       ||     1
  Use: Potion            |       |     2 |     3 |       ||     5
       Scroll            |       |       |     4 |       ||     4
 Stab: Distracted        |       |     1 |       |       ||     1
       Confused          |       |       |     1 |     1 ||     2
       Sleeping          |       |       |     1 |       ||     1
  Eat: Chunk             |     5 |    11 |     7 |     2 ||    25
       Ration            |       |       |     2 |     1 ||     3
Armor: Robe              |     4 |    34 |    57 |    10 ||   105
       Skin              |       |    13 |       |       ||    13
Dodge: Dodged            |    21 |    65 |   127 |    35 ||   248
